Map: Dusk Towers

Players

WAR - Winner!

  • Race: Terran Terran
  • League: Grandmaster

llllllllllll

  • Race: Protoss Protoss
  • League: Grandmaster

VOD

Have the link to the VOD?

Description

4 rax all in by WAR

Time

  • Played on: Dec. 18, 2015, 4:01 p.m.
  • Length: 4:28
Show
View Real Time Build Order
Export as new Build Order

WAR Terran - Winner!

Build Orders:  

Get SALT Encoding   

  12  0:02  SCV  
  13  0:15  Supply Depot  
  13  0:45  Barracks  
  13  0:50  Barracks  
  13  1:04  Barracks  
  13  1:06  SCV  
  14  1:32  Marine  
  15  1:33  Barracks  
  15  1:37  Marine  
  16  1:45  Supply Depot  
  16  1:53  Marine x2  
  18  1:59  Marine  
  19  2:11  Marine x2  
  21  2:17  Marine  
  21  2:20  Marine  
  23  2:28  Marine  
  23  2:29  Marine  
  25  2:34  Marine  
  26  2:38  Marine  
  27  2:46  Marine  
  27  2:53  Marine x2  
  27  2:56  Marine  
  26  3:04  Marine  
  27  3:11  Marine x2  
  28  3:14  Marine  
  28  3:22  Marine  
  29  3:29  Marine  
  29  3:32  Marine  
  31  3:39  Marine  
Show
View Real Time Build Order
Export as new Build Order

llllllllllll Protoss 

Build Orders: 1 Gate Expand 

Get SALT Encoding   

  12  0:00  Probe (Chrono Boost)  
  13  0:11  Probe (Chrono Boost)  
  14  0:17  Pylon  
  14  0:22  Probe (Chrono Boost)  
  15  0:35  Probe (Chrono Boost)  
  16  0:36  Gateway  
  16  0:41  Assimilator  
  16  0:45  Probe (Chrono Boost)  
  17  0:56  Probe (Chrono Boost)  
  18  1:07  Probe (Chrono Boost)  
  19  1:20  Nexus  
  19  1:23  Probe (Chrono Boost)  
  20  1:35  Cybernetics Core  
  20  1:41  Pylon  
  20  1:42  Probe (Chrono Boost)  
  21  1:58  Gateway  
  21  2:00  Probe (Chrono Boost)  
  21  2:04  Gateway  
  21  2:20  Stalker (Chrono Boost)  
  19  2:29  Pylon  
  19  2:32  Pylon  
  19  2:35  Mothership Core  
  14  2:58  Probe  
  15  3:11  Probe  
  16  3:28  Probe  
  16  3:31  Zealot (Chrono Boost)  
Tags
 
Add a new tag
Caveats
  • Supply blocks, unpowered buildings, or Contaminate may cause inaccurate times.
  • Supply counts are checked every 10 seconds.